 Dungeon Crawl Stone Soup version 0.30-a0-341-g682706514a (webtiles) character file.

Game seed: 9784980510757735023

4218 ytrimaz the Fighter (level 10, -1/198 HPs)
             Began as an Ogre Berserker on Nov 4, 2022.
             Was a Priest of Trog.
             Slain by Maurice
             ... wielding a +2 dagger of speed
              (8 damage)
             ... on level 8 of the Dungeon.
             The game lasted 00:10:53 (9359 turns).

ytrimaz the Fighter (Ogre Berserker)                Turns: 9359, Time: 00:10:54

Health: -1/198     AC:  3    Str: 27    XL:     10   Next: 30%
Magic:  0/10       EV:  6    Int:  8    God:    Trog [***...]
Gold:   0          SH:  0    Dex:  6    Spells: 9/9 levels left

rFire   . . .      SeeInvis .    C - +0 giant club
rCold   . . .      Faith    .    (shield currently unavailable)
rNeg    . . .      Spirit   +    v - +0 steam dragon scales
rPois   .          Reflect  .    (helmet restricted)
rElec   .          Harm     .    (no cloak)
rCorr   .          Rampage  .    (gloves unavailable)
Will    +....      Clarity  +    (boots unavailable)
Stlth   ..........               i - amulet of guardian spirit
HPRegen 0.53/turn                (no ring)
MPRegen 0.12/turn                (no ring)

@: berserking, grasped by roots, constricted, very quick
A: large, unfitting armour, tough skin 1, clarity, clumsy 1, deformed body,
robust 1
a: Renounce Religion, Berserk, Trog's Hand


You were on level 8 of the Dungeon.
You worshipped Trog.
Trog was most pleased with you.
You visited 1 branch of the dungeon, and saw 8 of its levels.
You also visited: Ossuary.


Innate Abilities, Weirdness & Mutations

You are too large for most types of armour.
You have tough skin. (AC +1)
You possess an exceptional clarity of mind.
You are clumsy. (Dex -2)
Armour fits poorly on your strangely shaped body.
You are robust. (+10% HP)


   Skills:
 + Level 13.9 Fighting
 + Level 9.9 Maces & Flails
 - Level 2.6 Dodging


You had 9 spell levels left.
You didn't know any spells.
Your spell library was empty.

Inventory:

Hand Weapons
 a - a +0 mace
 C - a +0 giant club (weapon)
   (You took it off a two-headed ogre on level 6 of the Dungeon)
Missiles
 l - 3 boomerangs (quivered)
 m - 15 poisoned darts
 y - 3 throwing nets
 A - 4 curare-tipped darts
Armour
 v - +0 steam dragon scales (worn)
   (You took it off Maggie on level 7 of the Dungeon)
Jewellery
 i - an amulet of guardian spirit (around neck)
   (You found it on level 1 of the Dungeon)
 w - a ring of ice
   (You found it on level 4 of the Dungeon)
Wands
 x - a wand of charming (9)
   (You found it on level 5 of the Dungeon)
 z - a wand of polymorph (5)
   (You found it on level 5 of the Dungeon)
Scrolls
 c - 5 scrolls of noise
 d - 4 scrolls of poison
 g - 6 scrolls of teleportation
 o - 2 scrolls of enchant weapon
 p - 3 scrolls of magic mapping
 D - a scroll of fog
 F - a scroll of blinking {unknown}
 J - a scroll of amnesia {unknown}
 K - a scroll of enchant armour
Potions
 e - 2 potions of ambrosia
 f - 3 potions of brilliance
 h - 4 potions of mutation
 j - 2 potions of cancellation
 k - a potion of heal wounds
 n - 3 potions of haste
 q - 2 potions of curing
 r - 2 potions of attraction {unknown}
 s - 2 potions of lignification {unknown}
 t - a potion of might {unknown}
 u - a potion of invisibility {unknown}
 B - a potion of magic {unknown}
 G - a potion of flight {unknown}

Dungeon Overview and Level Annotations

Branches:
Dungeon (8/15) Zot: 26423  Temple (0/1) D:6         Ossuary (visited)
   Lair: D:8-11

Altars:
Cheibriados
Makhleb
Nemelex Xobeh
Vehumet
The Shining One

Annotations:
D:8 Maurice

#.# ..# #.# ### #..#
#.# #.. #### #..#
#.######.# #:..###..#
#......... #... ....#
########.# #.##...##..#
#.# #....?{#[..# #.#
### #@...###########.#
...#.#..............#
####.#.################
#.....†# .....!#.#
..#####.# #.# #.# #.#


There were no monsters in sight!


Message History

A red film seems to cover your vision as you go berserk!
You feel yourself moving faster!
You feel mighty!
You can no longer call in reinforcements.
Something hits you.
* * * LOW HITPOINT WARNING * * *
Something steals your +0 giant spiked club!
An acid dragon comes into view. 😨 HP[+22]
You now have 198 max hp (+66).
You regained 22 hp, and now have 74/198 hp.
You miss something.
The acid dragon roars!
Something hits you.
* * * LOW HITPOINT WARNING * * *
Something steals 94 gold pieces!
You now have 127 gold pieces. 😨 HP[-4]
You take 4 damage, and now have 70/198 hp.
You miss something. 😨 HP[+1] Unknown command.
You barely miss something. Something hits you!
* * * LOW HITPOINT WARNING * * *
Something steals 127 gold pieces!
You now have 0 gold pieces. 😨 HP[-8]
You take 8 damage, and now have 63/198 hp.
You miss something. Something hits you.
* * * LOW HITPOINT WARNING * * *
Something grunts, "Curses!" 😨 HP[-1] MP[-1]
You take 1 damage, and now have 62/198 hp.
You lost 1 mp, and now have 2/10 mp.
Unknown command.
You closely miss something.
You hear a zap.
The roots erupt in riotous growth!
The grasping roots grab you!
You are constricted.
* * * LOW HITPOINT WARNING * * *
Unknown command. 😨 HP[-2]
You take 2 damage, and now have 60/198 hp.
Unknown command.
You miss something. Something hits you.
* * * LOW HITPOINT WARNING * * *
Something mutters, "Now where did you hide it?"
You are constricted.
* * * LOW HITPOINT WARNING * * *
😨 HP[-10]
You take 10 damage, and now have 50/198 hp.
Unknown command.
You sock the acid dragon!
The acid dragon bites you but does no damage.
The acid dragon claws you.
* * * LOW HITPOINT WARNING * * *
Something hits you.
* * * LOW HITPOINT WARNING * * *
Something grunts, "Curses!"
You are constricted.
* * * LOW HITPOINT WARNING * * *
😱 HP[-14]
You take 14 damage, and now have 36/198 hp.
Unknown command.
Unknown command.
You barely miss the acid dragon. Something hits you!
* * * LOW HITPOINT WARNING * * *
Something mutters, "Now where did you hide it?"
You are constricted.
* * * LOW HITPOINT WARNING * * *
The acid dragon bites you but does no damage.
The acid dragon claws you but does no damage.
The grasping roots release their grip on you.
Unknown command. 😱 HP[-16] MP[-1]
You take 16 damage, and now have 20/198 hp.
You lost 1 mp, and now have 1/10 mp.
Unknown command.
You beat the acid dragon like a drum!!!
You kill the acid dragon!
Trog accepts your kill.
The acid dragon scales are intact enough to wear.
You hear a zap.
The roots erupt in riotous growth!
The grasping roots grab you!
You are constricted.
* * * LOW HITPOINT WARNING * * *
Unknown command. 😱 HP[-1]
You take 1 damage, and now have 19/198 hp.
Unknown command.
You closely miss something. Something hits you!
* * * LOW HITPOINT WARNING * * *
Something grunts, "Curses!"
You are constricted.
* * * LOW HITPOINT WARNING * * *
😱 HP[-12] MP[-1]
You take 12 damage, and now have 7/198 hp.
You lost 1 mp, and now have 0/10 mp.
Unknown command.
You miss something. Something hits you!
You die...

Skill      XL: |  1  2  3  4  5  6  7  8  9 |
---------------+----------------------------+-----
Maces & Flails | 3 4 5 6 7 9 |  9.9
Fighting       | 5 6 7 9 11 13 | 13.9
Dodging        | |  2.6

Action                   |  1- 3 |  4- 6 |  7- 9 | 10-12 || total
-------------------------+-------+-------+-------+-------++-------
Melee: Mace              |   102 |   161 |   104 |       ||   367
       Punch             |     1 |       |     1 |       ||     2
       Giant club        |       |       |   134 |    58 ||   192
Invok: Berserk           |     1 |     4 |    10 |     2 ||    17
       Trog's Hand       |       |     1 |     1 |       ||     2
  Use: Scroll            |     6 |    10 |     4 |     1 ||    21
       Potion            |       |       |       |     1 ||     1
 Stab: Sleeping          |     1 |       |       |       ||     1
Armor: Animal skin       |    41 |    32 |    34 |       ||   107
       Steam dragon scal |       |       |    26 |    47 ||    73
Dodge: Dodged            |    75 |    72 |   148 |    39 ||   334

Levels and vault maps discovered:
D:1:      grunt_arrival_crossed_arrows, layout_loops_corners
D:2:      layout_loops_cross, serial_aquarium, aquarium_bridge_island_small
          [aquarium_subvault_small_open, aquarium_subvault_bridge,
          aquarium_subvault_bridge, aquarium_subvault_bridge,
          aquarium_subvault_bridge], aquarium_window_2, aquarium_window_1,
          aquarium_window_corridor_3, aquarium_window_fake, aquarium_view_2f,
          aquarium_view_2b, aquarium_pool_corner, basic_altar,
          grunt_ministairs_1, minmay_misc_feat_four_crosses, st_stairs_3
D:3:      layout_basic, serial_rivers, chequers_serial_rivers_room_b,
          chequers_serial_rivers_micro_d, chequers_serial_rivers_marsh,
          chequers_serial_rivers_room_a
D:4:      layout_layer_cave, lightli_ossuary_entry_decrepit_ruins
D:5:      layout_loops_ring, mainiacjoe_overflow_cross_hatched, minivault_11,
          uniq_eustachio, uniq_sigmund, uniq_blork_the_orc
D:6:      layout_rooms, minmay_temple_entry_grid
D:7:      layout_loops_cross, grunt_temple_overflow_open, uniq_maggie,
          uniq_duvessa
D:8:      layout_basic, uniq_maurice

Notes
Turn   | Place    | Note
-------+----------+-------------------------------------------
     0 | D:1      | ytrimaz the Ogre Berserker began the quest for the Orb.
     0 | D:1      | Reached XP level 1. HP: 24/24 MP: 1/1
     0 | D:1      | magus.rc [v1.9.6]
   130 | D:1      | Reached XP level 2. HP: 33/33 MP: 2/2
   310 | D:1      | Reached skill level 3 in Maces & Flails
   597 | D:1      | Reached XP level 3. HP: 41/41 MP: 3/3
   982 | D:2      | Reached skill level 5 in Fighting
  1122 | D:2      | Found a burning altar of Makhleb.
  1146 | D:2      | Reached ** piety under Trog
  1266 | D:2      | Reached XP level 4. HP: 35/50 MP: 4/4
  3133 | D:4      | Reached skill level 6 in Fighting
  3133 | D:4      | Reached skill level 4 in Maces & Flails
  3133 | D:4      | Reached XP level 5. HP: 19/59 MP: 1/5
  3480 | D:4      | Found a sand-covered staircase.
  3486 | Ossuary  | Entered an ossuary
  4555 | D:4      | Noticed a black bear
  4563 | D:4      | Killed a black bear
  4564 | D:4      | Reached skill level 7 in Fighting
  4564 | D:4      | Reached XP level 6. HP: 71/71 MP: 4/6
  4687 | D:5      | Entered Level 5 of the Dungeon
  4697 | D:5      | Noticed Sigmund
  4703 | D:5      | Killed Sigmund
  4704 | D:5      | Reached skill level 5 in Maces & Flails
  4704 | D:5      | Reached XP level 7. HP: 79/79 MP: 5/7
  4817 | D:5      | Found a radiant altar of Vehumet.
  4848 | D:5      | Reached skill level 8 in Fighting
  4857 | D:5      | HP: 18/80 [gnoll/+0 club[a gnoll sergeant] (3)]
  4860 | D:5      | HP: 8/80 [gnoll/+0 club[a gnoll sergeant] (4)]
  5393 | D:5      | Reached skill level 6 in Maces & Flails
  5606 | D:5      | Noticed Eustachio
  5615 | D:5      | Killed Eustachio
  5616 | D:5      | Reached skill level 9 in Fighting
  5616 | D:5      | Reached XP level 8. HP: 92/92 MP: 8/8
  5820 | D:5      | Noticed Blork the orc
  5828 | D:5      | Killed Blork the orc
  5828 | D:5      | Reached *** piety under Trog
  6089 | D:6      | Found a staircase to the Ecumenical Temple.
  6099 | D:6      | Noticed a two-headed ogre
  6110 | D:6      | Killed a two-headed ogre
  6111 | D:6      | Reached skill level 10 in Fighting
  6111 | D:6      | Reached skill level 7 in Maces & Flails
  6422 | D:6      | Reached skill level 11 in Fighting
  6424 | D:6      | Reached XP level 9. HP: 45/105 MP: 2/9
  6425 | D:6      | HP: 36/157 [orc priest/+0 mace (4)]
  6430 | D:6      | HP: 21/157 [poisoned by an orc wizard]
  6435 | D:6      | HP: 11/105 [poisoned by an orc wizard]
  6848 | D:6      | Reached skill level 8 in Maces & Flails
  6949 | D:6      | HP: 22/105 [gnoll/+0 spear[a gnoll sergeant] (6)]
  7568 | D:7      | Noticed Duvessa
  7568 | D:7      | Noticed Dowan
  7574 | D:7      | Killed Duvessa
  7578 | D:7      | Killed Dowan
  7581 | D:7      | Found a glowing golden altar of the Shining One.
  7581 | D:7      | Found a burning altar of Makhleb.
  7714 | D:7      | HP: 16/106 [orc warrior/+0 trident (11)]
  7958 | D:7      | Noticed Maggie
  7963 | D:7      | Killed Maggie
  7964 | D:7      | Reached skill level 12 in Fighting
  8347 | D:7      | Reached skill level 9 in Maces & Flails
  8600 | D:7      | Reached skill level 13 in Fighting
  8709 | D:7      | Found a sparkling altar of Nemelex Xobeh.
  8713 | D:7      | Found a snail-covered altar of Cheibriados.
  8799 | D:8      | Reached XP level 10. HP: 118/119 MP: 8/10
  9017 | D:8      | Noticed a two-headed ogre
  9024 | D:8      | Killed a two-headed ogre
  9191 | D:8      | Reached **** piety under Trog
  9334 | D:8      | Gained mutation: You are clumsy. (Dex -2) [potion of
                  | mutation]
  9334 | D:8      | Gained mutation: You possess an exceptional clarity of
                  | mind. [potion of mutation]
  9334 | D:8      | Gained mutation: Armour fits poorly on your strangely
                  | shaped body. [potion of mutation]
  9334 | D:8      | Gained mutation: You are robust. (+10% HP) [potion of
                  | mutation]
  9335 | D:8      | Noticed Maurice
  9355 | D:8      | HP: 46/198 [acid dragon (5)]
  9356 | D:8      | HP: 20/198 [something (5)]
  9358 | D:8      | HP: 7/198 [something (3)]
  9359 | D:8      | Slain by Maurice

Vanquished Creatures
  2 two-headed ogres
  Maggie (D:7)
  Sigmund (D:5)
  Eustachio (D:5)
  An acid dragon (D:8)
  Duvessa (D:7)
  An orc warrior (D:7)
  A sky beast (D:7)
  2 black bears
  An ogre (D:7)
  A centaur (D:8)
  2 phantoms
  Blork the orc (D:5)
  2 kobold brigands
  2 bullfrogs (D:8)
  A necrophage (D:7)
  3 gnoll sergeants
  2 scorpions
  Dowan (D:7)
  A howler monkey (D:7)
  2 hounds
  A jelly (D:6)
  3 orc priests
  A gnoll bouda (D:5)
  2 iguanas
  5 orc wizards
  5 mummies (Ossuary)
  5 adders
  18 gnolls
  A white imp (D:5)
  5 worms
  2 dart slugs
  15 orcs
  3 endoplasms
  3 giant cockroaches
  A gnoll zombie (Ossuary)
  8 goblins
  6 hobgoblins
  4 jackals (D:1)
  2 quokkas
  8 ball pythons
  6 bats
  7 frilled lizards
  16 kobolds
  2 kobold zombies (Ossuary)
  5 orc zombies (Ossuary)
  2 rats (D:2)
166 creatures vanquished.

Table legend:
 A = Non-vault XP
 B = Vault XP
 C = Vault XP percentage of total XP
 D = Non-vault monster count
 E = Vault monster count
 F = Vault count percentage of total count
                 A         B        C        D         E       F
            +---------+---------+-------+---------+---------+-------
      Total |    4746 |    1280 |  21.2 |     143 |      23 |  13.9
            +---------+---------+-------+---------+---------+-------
        D:1 |      41 |       0 |   0.0 |      23 |       0 |   0.0
        D:2 |      55 |      18 |  24.7 |      20 |       4 |  16.7
        D:3 |      35 |       0 |   0.0 |       9 |       0 |   0.0
        D:4 |     182 |       0 |   0.0 |      13 |       0 |   0.0
        D:5 |     546 |     514 |  48.5 |      18 |       3 |  14.3
        D:6 |    1418 |       0 |   0.0 |      22 |       0 |   0.0
        D:7 |     998 |     651 |  39.5 |      22 |       3 |  12.0
        D:8 |    1471 |       0 |   0.0 |      16 |       0 |   0.0
    Ossuary |       0 |      97 | 100.0 |       0 |      13 | 100.0
            +---------+---------+-------+---------+---------+-------

Illustrated notes

Table legend:
 A = Kills in this place as a percentage of kills in entire the game.
 B = Kills by you in this place as a percentage of kills by you in the entire game.
 C = Kills by friends in this place as a percentage of kills by friends in the entire game.
 D = Other kills in this place as a percentage of other kills in the entire game.
 E = Experience gained in this place as a percentage of experience gained in the entire game.
 F = Experience gained in this place divided by the number of levels of this place that you have seen.
                   A       B       C       D       E      F
               +-------+-------+-------+-------+-------+----------------------
         Total | 100.0 | 100.0 |   N/A |   N/A | 100.0 | 669.6
       Dungeon |  92.2 |  92.2 |   N/A |   N/A |  98.4 | 741.1
       Ossuary |   7.8 |   7.8 |   N/A |   N/A |   1.6 |  97.0
               +-------+-------+-------+-------+-------+----------------------

Table legend: (Time is in decaauts)
 A = Elapsed time spent in this place.
 B = Non-inter-level travel time spent in this place.
 C = Inter-level travel time spent in this place.
 D = Time resting spent in this place.
 E = Time spent auto-exploring this place.
 F = Levels seen in this place.
 G = Mean time per level.
                   A        B        C        D        E       F      G
               +--------+--------+--------+--------+--------+-----+--------+
         Total |   9592 |   9360 |    232 |    542 |   7403 |   9 | 1065.8 |
       Dungeon |   9249 |   9017 |    232 |    538 |   7202 |   8 | 1156.1 |
       Ossuary |    343 |    343 |      0 |      4 |    200 |   1 |  343.0 |
               +--------+--------+--------+--------+--------+-----+--------+

Top non-repeatable levels by time:
     D:6: 1550 daAuts
     D:5: 1398 daAuts
     D:4: 1372 daAuts
     D:7: 1287 daAuts
     D:2: 1179 daAuts
     D:1: 972 daAuts
     D:3: 914 daAuts
     D:8: 575 daAuts
 Ossuary: 343 daAuts
